 Dungeon Crawl Stone Soup version 0.27.0-1-g7a089689b8 (webtiles) character file.

Game seed: 13128358980109804692

28 Crownlay the Shield-Bearer (level 3, -3/31 HPs)
             Began as a Hill Orc Fighter on Aug 13, 2021.
             Slain by a gnoll (7 damage)
             ... on level 2 of the Dungeon.
             The game lasted 00:01:08 (1102 turns).

Crownlay the Shield-Bearer (Hill Orc Fighter)       Turns: 1102, Time: 00:01:10

Health: -3/31      AC:  6    Str: 19    XL:     3   Next: 12%
Magic:  3/3        EV:  9    Int:  8    God:
Gold:   13         SH:  0    Dex: 10    Spells: 2/2 levels left

rFire    . . .     SeeInvis .   a - +0 war axe
rCold    . . .     Faith    .   (no shield)
rNeg     . . .     Spirit   .   b - +0 scale mail
rPois    .         Reflect  .   (no helmet)
rElec    .         Harm     .   (no cloak)
rCorr    .         Rampage  .   (no gloves)
Will     .....                  (no boots)
Stlth    ..........             (no amulet)
HPRegen  0.10/turn              (no ring)
MPRegen  0.08/turn              (no ring)

@: no status effects
A: no striking features
a: no special abilities


You were on level 2 of the Dungeon.
You visited 1 branch of the dungeon, and saw 2 of its levels.

You collected 13 gold pieces.

Inventory:

Hand Weapons
 a - a +0 war axe (weapon)
Missiles
 h - 5 silver javelins (quivered)
Armour
 b - a +0 scale mail (worn)
 c - a +0 kite shield
Jewellery
 e - an amulet of guardian spirit
Scrolls
 f - 4 scrolls of identify {unknown}
 j - a scroll of fear {unknown}
 k - a scroll of vulnerability {unknown}
Potions
 d - a potion of might
 g - a potion of ambrosia {unknown}
 i - a potion of curing {unknown}


   Skills:
 - Level 3.6 Fighting
 - Level 2.6 Axes
 - Level 3.2 Armour
 + Level 4.6 Shields


You had 2 spell levels left.
You didn't know any spells.
Your spell library contained the following spells:

 Spells                   Type           Power      Damage    Failure   Level
 Magic Dart               Conj           0%         1d3       77%         1
 Call Imp                 Summ           0%         N/A       88%         2
 Mephitic Cloud           Conj/Pois/Air  0%         N/A       98%         3


Dungeon Overview and Level Annotations

Branches:
Dungeon (2/15)

Altars:


Message History

You see here a +2 dagger of holy wrath.
There is an open door here.
There is an open door here.
There is an open door here.
There is a stone staircase leading down here.
You climb downwards.
A hobgoblin comes into view.
The hobgoblin shouts!
You hear a shout! x3
Found 6 gold pieces.
There is a stone staircase leading up here.
A hobgoblin is nearby!
A gnoll comes into view. It is wielding a +0 club.
The gnoll shouts!
A gnoll comes into view. It is wielding a +0 spear.
The hobgoblin barely misses you.
You slash the hobgoblin!
You kill the hobgoblin!
A gnoll comes into view. It is wielding a +0 halberd.
A gnoll comes into view. It is wielding a +0 whip.
The gnoll hits you from afar with a +0 spear.
You hit the gnoll.
The gnoll is moderately wounded.
You barely miss the gnoll. The gnoll hits you but does no damage.
The gnoll closely misses you.
You hit the gnoll.
The gnoll is severely wounded.
You hit the gnoll. The gnoll barely misses you.
The gnoll hits you with a +0 halberd! The gnoll hits you with a +0 whip.
The gnoll barely misses you. The gnoll hits you with a +0 halberd.
* * * LOW HITPOINT WARNING * * *
You are too injured to fight recklessly!
You are too injured to fight recklessly!
You are too injured to fight recklessly!
You slash the gnoll!
You kill the gnoll!
You hit the gnoll. You closely miss the gnoll. The gnoll barely misses you.
The gnoll completely misses you. The gnoll hits you with a +0 whip.
* * * LOW HITPOINT WARNING * * *
The gnoll hits you with a +0 club!
You die...

### #. ...#
..... ... ..#.
... ... .. ###
..#.# .. .g.
.#
##.###.###...#
#....g@g......
#.#.##)#######
#<..†..#
#......#
#......#
#......#
#$.....#
#......#
#......#


You could see 3 gnolls.

Vanquished Creatures
  A gnoll (D:2)
  A dart slug (D:1)
  2 ball pythons (D:1)
  3 endoplasms (D:1)
  A giant cockroach (D:1)
  2 goblins (D:1)
  4 hobgoblins
  3 quokkas (D:1)
  3 bats (D:1)
  3 kobolds (D:1)
23 creatures vanquished.

Notes
Turn   | Place    | Note
-------+----------+-------------------------------------------
     0 | D:1      | Crownlay the Hill Orc Fighter began the quest for the Orb.
     0 | D:1      | Reached XP level 1. HP: 19/19 MP: 1/1
   170 | D:1      | Reached XP level 2. HP: 22/26 MP: 2/2
   278 | D:1      | Reached skill level 4 in Shields
   877 | D:1      | Reached XP level 3. HP: 31/31 MP: 3/3
  1102 | D:2      | Slain by a gnoll

Illustrated notes

Levels and vault maps discovered:
D:1:      eino_arrival_tree_alley, layout_basic
D:2:      layout_basic, hellmonk_ecumenical_altar_run_dry, st_stairs_8,
          grunt_ministairs_2, kennysheep_generic_room_16, uniq_sigmund,
          uniq_terence

Skill      XL: |  1  2 |
---------------+-------+-----
Shields        | 4 |  4.6
Fighting       | |  3.6
Axes           | |  2.6
Armour         | |  3.2

Action                   || total
-------------------------++-------
Melee: War axe           ||    63
Armor: Scale mail        ||    35
Dodge: Dodged            ||    34
